 Dungeon Crawl Stone Soup version 0.16.1-11-g651b585 (webtiles) character file.

59 Magnus the Sneak (level 4, -1/23 HPs)
             Began as a Vine Stalker Assassin on Mar 31, 2015.
             Slain by a worm (3 damage)
             ... on level 2 of the Dungeon.
             The game lasted 00:11:29 (1437 turns).

Magnus the Sneak (Vine Stalker Assassin)            Turns: 1437, Time: 00:11:29

Health: -1/23      AC:  4    Str: 13    XL:     4   Next: 3%
Magic:  0/5        EV: 11    Int: 11    God:
Gold:   95         SH:  0    Dex: 17    Spells: 0 memorised, 3 levels left

rFire  . . .     SeeInvis .       - Unarmed
rCold  . . .     Clarity  .     c - +0 robe
rNeg   . . .     SustAb   .     (no shield)
rPois  .         Gourm    .     (no helmet)
rElec  .         Spirit   +     d - +0 cloak
rCorr  .         Warding  .     (no gloves)
rMut   .         Stasis   .     l - +0 pair of boots
MR     .....                    (no amulet)
Stlth  +++.......               (no ring)
                                (no ring)

@: not resistant to hostile enchantments, fairly stealthy
A: fangs 2, regeneration 1, magic shield, antimagic bite, no device heal 3, rot
immunity
a: no special abilities


You were on level 2 of the Dungeon.
You were not hungry.

You visited 1 branch of the dungeon, and saw 2 of its levels.

You collected 95 gold pieces.

Inventory:

Hand weapons
 a - a +2 dagger
 b - a +0 blowgun
Missiles
 e - 8 poisoned needles
 f - 2 curare-tipped needles
Armour
 c - a +0 robe (worn)
 d - a +0 cloak (worn)
 l - a +0 pair of boots (worn)
Jewellery
 n - an uncursed ring of protection from fire {unknown}
Scrolls
 m - a scroll of teleportation {unknown}
 o - 3 scrolls of enchant armour {unknown}
 p - a scroll of identify {unknown}
 r - a scroll of blinking {unknown}
Potions
 j - a potion of magic {unknown}
 k - a potion of curing {unknown}
 t - a potion of might {unknown}
Books
 q - a book of Beasts

   Spells                             Type                      Level
   a - Summon Butterflies             Summoning                    1
   b - Call Canine Familiar           Summoning                    3
   c - Summon Ice Beast               Ice/Summoning                4
   d - Summon Mana Viper              Hexes/Summoning              5
   e - Monstrous Menagerie            Summoning                    6
   f - Summon Hydra                   Summoning                    7
 s - a book of the Warp

   Spells                             Type                      Level
   a - Recall                         Summoning/Translocation      3
   b - Control Teleport               Charms/Translocation         4
   c - Force Lance                    Conjuration/Translocation    4
   d - Phase Shift                    Translocation                5
   e - Warp Weapon                    Charms/Translocation         5
   f - Gell's Gravitas                Hexes/Translocation          5
   g - Summon Forest                  Summoning/Translocation      5
Comestibles
 g - 2 bread rations
 h - a beef jerky
 i - 4 fruits


   Skills:
 + Level 2.6 Fighting
 - Level 1.7 Short Blades
 - Level 1.7 Throwing
 - Level 0.7 Dodging
 + Level 5.3 Stealth
 + Level 2.2 Unarmed Combat


You had 3 spell levels left.
You didn't know any spells.

Dungeon Overview and Level Annotations

Branches:
Dungeon (2/15)

Altars:


Innate Abilities, Weirdness & Mutations

You have extremely sharp teeth.
Your natural rate of healing is unusually fast.
When hurt, damage is shared between your health and your magic reserves.
Your bite disrupts and absorbs the magic of your enemies.
Potions and wands cannot restore your health.
You are immune to rotting.


Message History

A worm is nearby!
A worm is nearby!
A worm is nearby!
A worm is nearby!
A worm is nearby!
A worm is nearby!
A worm is nearby!
You hit the worm. You bite the worm. You drain its power.
The worm is lightly wounded.
The worm bites you! The worm bites you!
* * * LOW HITPOINT WARNING * * *
The worm bites you.
* * * LOW HITPOINT WARNING * * *
The worm bites you but does no damage. The worm bites you.
* * * LOW HITPOINT WARNING * * *
The worm bites you but does no damage. The worm bites you.
You die...

#.#.+ ##....... #.#.# #...>###
#.### ##.### #.# #.# #.# ### #.#
#.# #.# #.# #.# #.. #.#
#.############### ###. #.#
#....w@.........# .# #.#
###############.# # #.# #.# #.##
#.# #..# #.# ##.# #.# #.#
########.# ##### #.#
######........###...#
#######.####..<##.########...#..


You could see a worm.

Vanquished Creatures
  2 adders (D:2)
  3 giant geckos (D:2)
  5 giant cockroaches
  8 goblins
  5 hobgoblins (D:1)
  2 jackals (D:2)
  A ball python (D:1)
  5 bats
  2 giant newts (D:1)
  3 kobolds
  4 rats
40 creatures vanquished.

Notes
Turn   | Place    | Note
--------------------------------------------------------------
     0 | D:1      | Magnus, the Vine Stalker Assassin, began the quest for the Orb.
     0 | D:1      | Reached XP level 1. HP: 11/11 MP: 1/1
   298 | D:1      | Reached skill level 5 in Stealth
   331 | D:1      | Reached XP level 2. HP: 10/15 MP: 3/3
   390 | D:1      | Reached skill level 1 in Unarmed Combat
   991 | D:2      | Reached XP level 3. HP: 11/19 MP: 4/4
  1330 | D:2      | Reached XP level 4. HP: 23/23 MP: 5/5
  1433 | D:2      | HP: 1/23 [worm (4)]
  1437 | D:2      | Slain by a worm

Action                   |  1- 3 |  4- 6 || total
-------------------------+-------+-------++-------
Melee: Unarmed           |   182 |     8 ||   190
 Stab: Sleeping          |     6 |     1 ||     7
  Eat: Bread ration      |     1 |       ||     1
